 Dungeon Crawl Stone Soup version 0.28-a0-1339-ga5422284a4 (webtiles) character file.

Game seed: 14773078587744924528

55348 oldriver the Eclecticist (level 14, -1/70 HPs)
             Began as a Felid Summoner on Dec 29, 2021.
             Was an Initiate of Gozag.
             Slain by a wolf spider (5 damage)
             ... on level 4 of the Spider Nest.
             The game lasted 02:11:06 (45105 turns).

oldriver the Eclecticist (Felid Summoner)          Turns: 45105, Time: 02:11:06

Health: -1/70      AC:  7    Str: 11    XL:     14   Next: 38%
Magic:  28/34      EV: 20    Int: 25    God:    Gozag
Gold:   445        SH:  0    Dex: 18    Spells: 5/51 levels left
                                        Lives:  0   Deaths: 2

rFire   . . .      SeeInvis +     - Unarmed
rCold   + . .      Faith    .   (shield unavailable)
rNeg    . . .      Spirit   .   (armour unavailable)
rPois   +          Reflect  .   (helmet unavailable)
rElec   .          Harm     .   (cloak unavailable)
rCorr   .          Rampage  .   (gloves unavailable)
Will    ++...                   (boots unavailable)
Stlth   +++.......              k - amulet of regeneration
HPRegen 1.01/turn               n - ring of Departure {*Corrode rPois Str+7 Int+2 SInv}
MPRegen 0.24/turn               E - ring of the Tortoise {AC+8}

@: corroded, gold aura, quick
A: very small, claws 1, fangs 3, see invisible, speed 1, shaggy fur 3, stealthy
paws, no weapons or thrown items, no armour, multi-lived, low mp 1
a: Renounce Religion, Potion Petition, Call Merchant, Bribe Branch


You were on level 4 of the Spider Nest.
You worshipped Gozag.
Gozag was aware of your devotion.
You visited 6 branches of the dungeon, and saw 29 of its levels.

You collected 8580 gold pieces.
You spent 2490 gold pieces at shops.
You paid 5645 gold pieces to Gozag.

Inventory:

Jewellery
 h - the ring "Kiosuna" {rF+ Dex+4 SInv}
   (You found it on level 2 of the Dungeon)

   [ring of see invisible]

   Dex:       It affects your dexterity (+4).
   rF:        It protects you from fire.
   SInv:      It lets you see invisible.
 k - an amulet of regeneration (around neck)
 n - the ring of Departure (left paw) {*Corrode rPois Str+7 Int+2 SInv}
   (You bought it in a shop on level 1 of the Dungeon)

   [ring of poison resistance]

   Str:       It affects your strength (+7).
   Int:       It affects your intelligence (+2).
   rPois:     It protects you from poison.
   SInv:      It lets you see invisible.
   *Corrode:  It may corrode you when you take damage.
 z - a ring of flight
 E - the ring of the Tortoise (right paw) {AC+8}
   (You found it on level 11 of the Dungeon)

   [ring of protection]

   AC:        It affects your AC (+8).
 G - a ring of protection from cold
 J - the ring "Fyoxtane" {Wiz Int+6}
   (You bought it in a shop on level 6 of the Lair of Beasts)

   [ring of wizardry]

   It improves your spell success rate.
   Int:       It affects your intelligence (+6).
 L - a ring of poison resistance
Wands
 g - a wand of digging (2)
 l - a wand of paralysis (4)
 o - a wand of iceblast (25)
 s - a wand of acid (20)
 w - a wand of polymorph (2)
 A - a wand of mindburst (14)
Scrolls
 d - a scroll of silence
 f - 7 scrolls of identify
 j - 2 scrolls of magic mapping
 m - 2 scrolls of holy word
 v - 2 scrolls of fog
 x - 4 scrolls of amnesia
 y - a scroll of blinking
 C - 3 scrolls of fear
 K - 2 scrolls of torment
 M - a scroll of summoning
Potions
 a - 2 potions of invisibility
 b - 5 potions of mutation
 c - a potion of haste
 e - 5 potions of lignification
 i - 7 potions of attraction
 p - 3 potions of ambrosia
 q - 2 potions of berserk rage
 r - a potion of heal wounds
 u - a potion of magic
 D - 8 potions of curing
 F - a potion of resistance
 H - a potion of brilliance
 I - a potion of might


   Skills:
 * Level 13.3 Fighting
 + Level 5.8 Dodging
 + Level 5.1 Stealth
 + Level 1.2 Unarmed Combat
 + Level 19.1 Spellcasting
 - Level 0.2 Conjurations
 - Level 8.0 Hexes
 - Level 8.0 Summonings
 * Level 5.7 Transmutations
 - Level 0.2 Fire Magic
 * Level 12.0 Air Magic
 - Level 0.3 Poison Magic


You had 5 spell levels left.
You knew the following spells:

 Your Spells              Type           Power      Damage    Failure   Level
a - Summon Small Mammal   Summ           100%       N/A       1%          1
b - Call Imp              Summ           59%        N/A       1%          2
c - Call Canine Familiar  Summ           59%        N/A       1%          3
d - Summon Guardian Gole  Hex/Summ       59%        N/A       1%          3
e - Summon Lightning Spi  Summ/Air       65%        N/A       1%          4
f - Mephitic Cloud        Conj/Pois/Air  44%        N/A       1%          3
g - Ignite Poison         Fire/Tmut/Pois 34%        N/A       2%          3
h - Summon Mana Viper     Hex/Summ       59%        N/A       1%          5
i - Lightning Bolt        Conj/Air       26%        1d42      4%          5
j - Storm Form            Tmut/Air       31%        N/A       38%         7
k - Manifold Assault      Tloc           23%        N/A       47%         5
l - Swiftness             Air            71%        N/A       1%          3
m - Passwall              Tmut/Erth      31%        N/A       1%          2

Your spell library contained the following spells:

 Spells                   Type           Power      Damage    Failure   Level
 Apportation              Tloc           46%        N/A       1%          1
 Slow                     Hex            100%       N/A       1%          1
 Ensorcelled Hibernation  Hex/Ice        86%        N/A       1%          2
 Static Discharge         Conj/Air       53%        N/A       1%          2
 Confusing Touch          Hex            59%        N/A       1%          3
 Spider Form              Tmut/Pois      39%        N/A       1%          3
 Leda's Liquefaction      Hex/Erth       21%        N/A       3%          4
 Summon Ice Beast         Ice/Summ       43%        N/A       3%          4
 Gell's Gravitas          Tloc           23%        N/A       6%          3
 Vampiric Draining        Necr           23%        2d7       6%          3
 Petrify                  Tmut/Erth      38%        N/A       6%          4
 Freezing Cloud           Conj/Ice/Air   22%        6-21      10%         5
 Metabolic Englaciation   Hex/Ice        21%        N/A       11%         5
 Alistair's Intoxication  Tmut/Pois      26%        N/A       16%         5
 Borgnjor's Vile Clutch   Necr/Erth      11%        N/A       47%         5
 Lee's Rapid Deconstruct  Erth           11%        3d9*      47%         5
 Monstrous Menagerie      Summ           29%        N/A       52%         7
 Eringya's Noxious Bog    Tmut/Pois      19%        N/A       63%         6
 Statue Form              Tmut/Erth      25%        N/A       65%         6
 Maxwell's Capacitive Co  Air            35%        ∞         67%         8
 Dispersal                Tloc           11%        N/A       96%         6
 Malign Gateway           Summ/Tloc      21%        N/A       97%         7


Dungeon Overview and Level Annotations

Branches:
Dungeon (14/15)            Temple (1/1) D:4            Lair (6/6) D:9
  Snake (2/4) Lair:2       Spider (4/4) Lair:4        Slime (0/5) Lair:6
    Orc (2/2) D:12            Elf (0/3) Orc:2
 Vaults: D:13-14

Altars:
Ashenzari
Cheibriados
Dithmenos
Elyvilon
Fedhas
Gozag
Hepliaklqana
Kikubaaqudgha
Makhleb
Nemelex Xobeh
Okawaru
Qazlal
Ru
Sif Muna
Trog
Uskayaw
Vehumet
Wu Jian
Xom
Yredelemnul
Zin
The Shining One
Jiyva

Shops:
D:1 =   D:11 =   Orc:1 ?   Orc:2 (!:*   Lair:3 *   Lair:4 :   Lair:6 =
Snake:1 *

Annotations:
Lair:4 Urug
Spider:2 Asterion
Spider:3 exclusion: oklob plant
Spider:4 1 runed translucent door


Innate Abilities, Weirdness & Mutations

You have sharp claws.
You have razor-sharp teeth.
You have supernaturally acute eyesight. (SInv)
You cover ground quickly. (Speed+)
Your thick and shaggy fur keeps you warm. (AC +3, rC+)
Your paws help you pounce on unaware monsters.
You are incapable of wielding weapons or throwing items.
You cannot wear armour.
You gain extra lives every three experience levels.
Your magical capacity is low. (-10% MP)


Message History

Casting: Summon Lightning Spire (safe; 1% risk of failure)
Confirm with . or Enter, or press ? or * to list all spells.
A beastly little devil appears in a puff of frigid air.
The wolf spider hits your white imp!
Your white imp dies!
Your white imp disappears in a puff of smoke!
Unknown command.
You scratch the wolf spider but do no damage.
The wolf spider is heavily wounded.
The wolf spider barely misses you. The wolf spider misses you.
The culicivora bites you!
* * * LOW HITPOINT WARNING * * *
The culicivora draws strength from your injuries!
Unknown command.
Okay, then. [a] - 368 gold - heal wounds, curing and magic [b] - 352 gold - heal wounds, curing and magic [c] - 300 gold - brilliance and magic Purchase which effect?
You feel much better.
You feel better. Magic courses through your body. The wolf spider hits you!
The wolf spider bites you but does no damage.
The culicivora bites you.
The culicivora draws strength from your injuries!
The wolf spider hits you!
* * * LOW HITPOINT WARNING * * *
The wolf spider bites you!
* * * LOW HITPOINT WARNING * * *
The culicivora barely misses you.
The wolf spider hits you but does no damage.
The wolf spider bites you.
* * * LOW HITPOINT WARNING * * *
Your corrosive artefact corrodes you!
The wolf spider hits you!
* * * LOW HITPOINT WARNING * * *
The wolf spider bites you but does no damage.
The wolf spider is healed somewhat.
The wolf spider hits you.
You die...
Your body crumbles into a pile of gold.

###.##..# ##......#
##.....# ##.#
#......#.....
##..##.....s..
###...#.......##
#####.##............
##.##......<#........
#.ss@.#)....##.#....#
##.$..##..°.##.^...##
#.^^...##..#.8...##.
##.#..###....#..##..
###### ##......+..
###s...##. .....##
......# #..#...


You could see a wolf spider and a culicivora.

Vanquished Creatures
  A ghost moth (Spider:2)
  A cyclops (D:13)
  2 black mambas (Snake:1)
  A naga mage (Snake:1)
  A jumping spider (Spider:1)
  2 culicivoras
  A yak (D:11)
  A hog (D:13)
  A vampire mosquito (D:13)
  2 centaurs (D:7)
  A killer bee (D:9)
  An orc wizard (D:10)
  2 dart slugs
  2 orcs (D:10)
  2 giant cockroaches (D:2)
  A goblin (D:3)
  A hobgoblin (D:1)
  A kobold (D:2)
  4 bats
  3 rats (D:1)
31 creatures vanquished.

Vanquished Creatures (collateral kills)
  Kirke (D:13)
  An emperor scorpion (Spider:4)
  A broodmother (Spider:4)
  Nessos (Lair:4)
  Azrael (Spider:1)
  3 naga warriors (Snake:1)
  2 boulder beetles
  3 ogre magi (Orc:2)
  6 hydras
  A radroach (Spider:4)
  A centaur warrior (D:13)
  A jorogumo (Spider:3)
  2 anacondas (Snake:1)
  A dancing weapon (D:13)
  A death yak (Lair:6)
  An alligator (Lair:6)
  17 two-headed ogres
  3 naga sharpshooters (Snake:1)
  A sun moth (Spider:3)
  2 pharaoh ants (Spider:1)
  A steelbarb worm (Spider:1)
  A naga ritualist (Snake:1)
  2 lindwurms (Lair:6)
  5 orb spiders
  Pikel (D:7)
  An orc knight (Orc:1)
  4 wolf spiders
  8 mana vipers (Snake:1)
  2 orc sorcerers (Orc:2)
  2 ugly things
  A salamander (Snake:1)
  A manticore (D:12)
  2 oklob plants
  2 cyclopes
  11 black mambas
  3 naga magi (Snake:1)
  5 elephants (Lair:4)
  7 torpor snails
  11 cane toads
  Maggie (D:7)
  An unseen horror (D:11)
  5 demonic crawlers
  3 rime drakes
  4 komodo dragons
  A kobold demonologist (D:13)
  4 trolls
  11 polar bears (Lair:6)
  8 hornets
  4 tyrant leeches (Lair:6)
  4 tarantellas
  20 blink frogs
  3 meliai
  A dream sheep (shapeshifter) (D:13)
  2 slime creatures (D:14)
  7 culicivoras
  12 jumping spiders
  2 shadows (D:12)
  4 wraiths
  2 fire elementals (Spider:1)
  32 yaks
  15 redbacks
  2 wyverns
  A steam dragon (D:10)
  2 basilisks
  Menkaure (D:7)
  11 nagas
  5 vampire mosquitoes (D:13)
  8 wargs
  A two-headed ogre zombie (D:12)
  22 hell hounds
  2 acid dragons
  18 water moccasins
  2 nameless horrors
  13 orc warriors
  A sky beast (D:7)
  12 black bears
  22 ogres
  18 wolves
  6 centaurs
  A kobold brigand (D:6)
  13 bullfrogs
  5 scorpions
  A wyvern zombie (D:9)
  A gnoll sergeant (D:10)
  2 troll zombies (D:12)
  3 killer bees (D:9)
  A water moccasin skeleton (D:5)
  5 wights
  4 centaur zombies
  A bullfrog zombie (D:7)
  2 hounds
  16 jellies
  9 orc priests
  3 centaur skeletons
  2 iguanas (D:5)
  12 orc wizards
  A scorpion zombie (D:4)
  Natasha (thrice) (D:4)
  5 ogre zombies (D:12)
  2 hound skeletons (D:4)
  3 howler monkey zombies
  14 gnolls
  11 adders
  2 shadow imps
  2 white imps
  6 dart slugs (D:4)
  46 orcs
  14 endoplasms
  3 giant cockroaches
  2 goblins
  4 hobgoblins
  3 jackals (D:5)
  3 quokkas
  6 ball pythons
  4 bats
  2 frilled lizards
  A goblin skeleton (D:12)
  3 goblin zombies (D:12)
  5 hobgoblin zombies (D:12)
  9 kobolds
  15 orc zombies (D:12)
  3 rats
666 creatures vanquished.

Vanquished Creatures (others)
  2 hydras
  An ice dragon (Lair:6)
  2 boulder beetles
  An ogre mage (Orc:2)
  A death yak (Lair:6)
  3 two-headed ogres
  Sonja (D:13)
  2 lindwurms
  A wolf spider (Spider:4)
  A manticore (D:8)
  A slime creature (D:14)
  A freezing wraith (D:10)
  2 meliai
  A troll (D:10)
  A tarantella (Spider:4)
  A hornet (Lair:6)
  A culicivora (Spider:1)
  A jumping spider (Spider:1)
  2 wyverns
  3 yaks
  A steam dragon (D:6)
  3 redbacks (Spider:3)
  A warg (Lair:6)
  3 nagas
  A water moccasin (Lair:3)
  A wolf (Lair:6)
  Blork the orc (D:5)
  2 killer bees (D:9)
  A nameless horror (Lair:6)
  2 wights
  An orc priest (D:10)
  An orc wizard (D:5)
  An orc (D:9)
  A goblin skeleton (D:13)
  36 fungi
  62 plants
147 creatures vanquished.

Grand Total: 844 creatures vanquished

Notes
Turn   | Place    | Note
-------+----------+-------------------------------------------
     0 | D:1      | oldriver the Felid Summoner began the quest for the Orb.
     0 | D:1      | Reached XP level 1. HP: 7/7 MP: 4/4
   302 | D:1      | Found a faded altar of an unknown god.
   362 | D:1      | Reached XP level 2. HP: 12/12 MP: 0/6
   663 | D:1      | Found Muqask's One-of-a-Kind Rings.
  1232 | D:1      | Reached XP level 3. HP: 8/15 MP: 4/8
  1463 | D:1      | Learned a level 2 spell: Call Imp
  1467 | D:1      | Learned a level 3 spell: Call Canine Familiar
  1602 | D:2      | Found a blossoming altar of Fedhas.
  1631 | D:2      | Reached skill level 3 in Spellcasting
  1673 | D:2      | Noticed a scorpion
  2099 | D:2      | Killed a scorpion
  2100 | D:2      | Reached skill level 1 in Fighting
  2100 | D:2      | Reached XP level 4. HP: 19/19 MP: 1/10
  2497 | D:2      | Reached skill level 4 in Spellcasting
  2732 | D:2      | Reached XP level 5. HP: 22/22 MP: 9/12
  2994 | D:2      | Identified the ring "Kiosuna" {rF+ Dex+4 SInv}
  3789 | D:3      | Reached skill level 5 in Spellcasting
  4177 | D:4      | Gained mutation: You are covered in thick fur. (AC +2)
                  | [Felid growth]
  4177 | D:4      | Reached XP level 6. HP: 26/26 MP: 12/14
  4273 | D:4      | Found a staircase to the Ecumenical Temple.
  4283 | Temple   | Entered the Ecumenical Temple
  4406 | Temple   | Became a worshipper of Gozag Ym Sagoz the Greedy
  4774 | D:4      | Noticed Natasha
  4785 | D:4      | Killed Natasha
  4877 | D:4      | Noticed Natasha
  4900 | D:4      | Killed Natasha
  5223 | D:4      | Reached skill level 6 in Spellcasting
  5419 | D:4      | Noticed Natasha
  5429 | D:4      | Killed Natasha
  5652 | D:4      | Learned a level 3 spell: Summon Guardian Golem
  5657 | D:4      | Learned a level 4 spell: Summon Lightning Spire
  5699 | D:5      | Entered Level 5 of the Dungeon
  5719 | D:5      | Noticed Blork the orc
  5923 | D:5      | Reached XP level 7. HP: 30/30 MP: 17/17
  5945 | D:5      | Found a snail-covered altar of Cheibriados.
  6012 | D:5      | Reached skill level 1 in Unarmed Combat
  6020 | D:5      | Reached skill level 1 in Hexes
  6127 | D:5      | Noticed a wraith
  6317 | D:4      | Killed a wraith
  6552 | D:5      | Reached skill level 7 in Spellcasting
  6754 | D:5      | Reached XP level 8. HP: 34/34 MP: 11/19
  7154 | D:5      | Killed Blork the orc
  7155 | D:5      | Reached skill level 5 in Summonings
  7424 | D:5      | Found a glowing silver altar of Zin.
  7424 | D:5      | Noticed an angel
  7856 | D:6      | Reached skill level 8 in Spellcasting
  8167 | D:6      | Found a bloodstained altar of Trog.
  8841 | D:1      | Bought the ring of Departure {*Corrode rPois Str+7 Int+2
                  | SInv} for 578 gold pieces
  9101 | D:7      | Reached skill level 10 in Spellcasting
  9101 | D:7      | Reached XP level 9. HP: 4/44 MP: 12/24
  9405 | D:6      | Reached skill level 11 in Spellcasting
  9405 | D:6      | Reached skill level 5 in Hexes
  9405 | D:6      | Reached skill level 5 in Air Magic
  9405 | D:6      | Reached XP level 10. HP: 49/49 MP: 24/26
  9447 | D:7      | Found a sacrificial altar of Ru.
  9456 | D:7      | Noticed Pikel
  9671 | D:7      | Found a sparkling altar of Nemelex Xobeh.
 10088 | D:7      | Found a broken altar of Ashenzari.
 10131 | D:7      | Noticed Menkaure
 10144 | D:7      | Killed Menkaure
 10252 | D:7      | Killed Pikel
 10253 | D:7      | Reached XP level 11. HP: 23/53 MP: 8/27
 10572 | D:7      | Noticed Maggie
 10579 | D:7      | Killed Maggie
 11605 | D:8      | Noticed a two-headed ogre
 11616 | D:8      | Killed a two-headed ogre
 11765 | D:8      | Reached skill level 12 in Spellcasting
 13139 | D:9      | Noticed a two-headed ogre
 13156 | D:9      | Killed a two-headed ogre
 13157 | D:9      | Reached skill level 10 in Fighting
 13433 | D:9      | Noticed a boulder beetle
 13482 | D:9      | Killed a boulder beetle
 14003 | D:9      | Reached skill level 13 in Spellcasting
 14334 | D:9      | Found a staircase to the Lair.
 14522 | D:10     | Entered Level 10 of the Dungeon
 14587 | Lair:1   | Entered Level 1 of the Lair of Beasts
 14587 | Lair:1   | Noticed an oklob plant
 15220 | Lair:1   | Gained mutation: Your thick and shaggy fur keeps you warm.
                  | (AC +3, rC+) [Felid growth]
 15220 | Lair:1   | Reached XP level 12. HP: 58/58 MP: 17/30
 15846 | Lair:1   | Noticed a six-headed hydra
 15887 | Lair:1   | Killed a six-headed hydra
 16290 | Lair:2   | Noticed a six-headed hydra
 16302 | Lair:2   | Killed a six-headed hydra
 16520 | Lair:2   | Found a staircase to the Snake Pit.
 16712 | Lair:2   | Reached skill level 14 in Spellcasting
 17123 | Lair:2   | Noticed a six-headed hydra
 17141 | Lair:2   | Killed a six-headed hydra
 18981 | Lair:4   | Noticed Urug
 19757 | D:10     | Reached skill level 15 in Spellcasting
 19803 | D:10     | Noticed a two-headed ogre
 19826 | D:10     | Killed a two-headed ogre
 20425 | D:10     | Learned a level 3 spell: Mephitic Cloud
 20429 | D:10     | Learned a level 3 spell: Ignite Poison
 20816 | D:11     | Noticed a two-headed ogre
 20836 | D:11     | Killed a two-headed ogre
 20837 | D:11     | Reached XP level 13. HP: 63/63 MP: 26/33
 21408 | D:11     | Found the ring of the Tortoise {AC+8}
 22090 | D:11     | Identified a scroll of acquirement
 22090 | D:11     | Acquired a book of Beasts
 22098 | D:11     | Learned a level 5 spell: Summon Mana Viper
 23551 | D:12     | Found a staircase to the Orcish Mines.
 24211 | Lair:4   | Noticed Nessos
 24336 | Lair:4   | Killed Nessos
 24622 | Lair:4   | Reached skill level 16 in Spellcasting
 25459 | Lair:4   | Found a hole to the Spider Nest.
 26136 | Orc:1    | Entered Level 1 of the Orcish Mines
 26543 | Orc:2    | Entered Level 2 of the Orcish Mines
 26895 | Orc:2    | Reached XP level 14. HP: 68/68 MP: 9/35
 27563 | Orc:2    | Found Itharel's Distillery.
 27563 | Orc:2    | Found Coghit's Antique Weapon Boutique.
 27564 | Orc:2    | Found Segraum's Assorted Antiques.
 27564 | Orc:2    | Found Kew Egeze's Book Emporium.
 27596 | Orc:2    | Reached skill level 17 in Spellcasting
 27742 | Orc:2    | Bought a book of the Sky for 572 gold pieces
 27743 | Orc:2    | Bought a potion of heal wounds for 70 gold pieces
 28144 | Orc:2    | Found a staircase to the Elven Halls.
 28443 | Lair:4   | Bought the Tome of the Compass for 374 gold pieces
 29208 | Lair:6   | Entered Level 6 of the Lair of Beasts
 29733 | Lair:6   | Reached skill level 1 in Transmutations
 30408 | Lair:6   | Found a runed translucent door.
 30409 | Lair:6   | Found a viscous altar of Jiyva.
 30410 | Lair:6   | Found a staircase to the Slime Pits.
 30532 | Lair:6   | Found a runed translucent door.
 32066 | Lair:6   | Reached skill level 18 in Spellcasting
 32262 | Lair:6   | Got the Reference Book on Creation
 33148 | Lair:6   | Reached XP level 15. HP: 72/72 MP: 35/38
 34333 | Lair:6   | Bought the ring "Fyoxtane" {Wiz Int+6} for 595 gold pieces
 34366 | Lair:6   | Learned a level 5 spell: Lightning Bolt
 34374 | Lair:6   | Learned a level 7 spell: Storm Form
 34380 | Lair:6   | Learned a level 5 spell: Manifold Assault
 35070 | Orc:1    | Found Juuhu's Magic Scroll Shoppe.
 35099 | Orc:1    | Bought a scroll of magic mapping for 49 gold pieces
 35099 | Orc:1    | Bought a scroll of teleportation for 42 gold pieces
 35099 | Orc:1    | Bought a scroll of fog for 28 gold pieces
 36244 | D:13     | Gained mutation: Your magical capacity is low. (-10% MP) [a
                  | neqoxec]
 36461 | D:13     | Noticed Sonja
 36482 | D:13     | Killed Sonja
 36483 | D:13     | Reached skill level 10 in Air Magic
 36619 | D:13     | Noticed Kirke
 36630 | D:13     | Killed Kirke
 37825 | Spider:1 | Entered Level 1 of the Spider Nest
 39203 | Spider:1 | Reached skill level 5 in Dodging
 39323 | Spider:1 | Noticed Azrael
 40281 | Spider:1 | HP: 2/73 [Azrael/damnation (23)]
 40282 | Spider:1 | Killed Azrael
 40528 | Spider:2 | Noticed Asterion
 40821 | Snake:1  | Entered Level 1 of the Snake Pit
 41595 | Snake:1  | Reached skill level 5 in Stealth
 41651 | Snake:1  | Found Sust's Assorted Antiques.
 42307 | Snake:1  | Reached skill level 5 in Transmutations
 43493 | Snake:2  | Noticed a nagaraja
 43779 | Orc:2    | Bought a book of Burglary for 182 gold pieces
 43783 | Orc:2    | Learned a level 3 spell: Swiftness
 43786 | Orc:2    | Learned a level 2 spell: Passwall
 44059 | Spider:2 | Reached XP level 16. HP: 78/78 MP: 15/35
 44357 | Spider:2 | You fall into a shaft and drop 1 floor!
 44393 | Spider:3 | Slain by a wolf spider
 44394 | Spider:3 | Reached XP level 15. HP: -5/73 MP: 25/35
 44517 | Spider:3 | Reached skill level 19 in Spellcasting
 44544 | Spider:4 | Entered Level 4 of the Spider Nest
 44544 | Spider:4 | Noticed an emperor scorpion
 44547 | Spider:4 | Noticed a ghost moth
 44549 | Spider:4 | Noticed an emperor scorpion
 44552 | Spider:4 | Mangled by a ghost moth
 44553 | Spider:4 | Reached XP level 14. HP: -9/70 MP: 0/34
 44922 | Spider:4 | Found a runed translucent door.
 44983 | Spider:4 | Noticed an emperor scorpion
 45014 | Spider:4 | Killed an emperor scorpion
 45087 | Spider:4 | Noticed a broodmother
 45094 | Spider:4 | Killed a broodmother
 45104 | Spider:4 | HP: 3/70 [wolf spider (10)]
 45105 | Spider:4 | Slain by a wolf spider

Illustrated notes

Levels and vault maps discovered:
D:1:      eino_arrival_cavern_a, layout_basic,
          ebering_ecumenical_altar_petrified, nicolae_shop_unique_rings,
          minmay_splitting_lines
D:2:      minmay_door_path, layout_basic, basic_altar, minmay_tree_intersection,
          kennysheep_generic_room_15
D:3:      layout_loops_ring
D:4:      kennysheep_slugbush, layout_basic, minmay_temple_entry_trees,
          uniq_natasha
D:5:      layout_cave_pods, zin_angel,
          mainiacjoe_overflow_concentric_impassable, uniq_blork_the_orc
D:6:      layout_loops_ring, kennysheep_little_box
D:7:      layout_layer_cave, nicolae_ashenzari_panopticon,
          nicolae_ru_awakened_eye, nemelex_spade_bored_becter, uniq_menkaure,
          uniq_pikel, uniq_maggie
D:8:      layout_rooms
D:9:      kennysheep_ambush_hall, layout_basic, lair_entry_dummy
D:10:     layout_loops_corners
D:11:     layout_long_grid, lemuel_flame_loot_1
D:12:     layout_cave_pools, zombieorc2_lemuel, corner_web_ring
D:13:     layout_stronghold, uniq_sonja, uniq_kirke
D:14:     layout_basic, erik_vaults_1, grunt_decor_fettered
Temple:   nicolae_temple_elliptical
Lair:1:   layout_roguey, dpeg_stationary_puzzle, grunt_megastairs_4
Lair:2:   layout_gridlike, minmay_snake_entry_guardpost_small,
          serial_bayou_shore_b
Lair:3:   lemuel_slime, layout_chaotic_city, minmay_holes, serial_bayou_shore_b,
          grunt_megastairs_3
Lair:4:   layout_roguey, spider_nest_entry_a, lemuel_fruit_tree, uniq_urug,
          uniq_nessos
Lair:5:   layout_loops_ring
Lair:6:   wormcave, layout_cave_pods, hangedman_lair_caniforms_friends,
          slime_altar_2, chequers_serial_rivers_large_a
Snake:1:  layout_grid_maze, nicolae_take_the_stairs, nicolae_snake_mages_go_home
Snake:2:  layout_onion_interference, gammafunk_ghost_grave, uniq_vashnia
Spider:1: layout_spider_delve, uniq_azrael
Spider:2: layout_spider_delve, hangedman_spider_tarantella_strand,
          uniq_asterion, uniq_arachne
Spider:3: spider_temple_joshua, nicolae_spider_cling_halls
Spider:4: floodkiller_spider_rune_tomb, hellmonk_ghost_happy_afterlife,
          uniq_roxanne
Orc:1:    nicolae_orc_accident_1, layout_caves, serial_shops,
          nicolae_shop_hallway_stairs
Orc:2:    st_orc_ogre_mass, layout_diamond_mine

Skill      XL: |  1  2  3  4  5  6  7  8  9 10 11 12 13 14 15 |
---------------+----------------------------------------------+-----
Spellcasting   | 3 4 5 6 7 10 11 13 15 16 18 19 | 19.1
Fighting       | 1 2 3 8 9 10 11 12 13 | 13.3
Stealth        | 3 4 5 |  5.1
Unarmed Combat | 1 |  1.2
Hexes          | 2 3 5 6 7 8 |  8.0
Dodging        | 3 4 5 |  5.8
Summonings     | 5 6 7 8 |  8.0
Air Magic      | 4 5 6 7 8 12 11 | 12.0
Transmutations | 2 5 |  5.7
Conjurations   | |  0.2
Fire Magic     | |  0.2
Poison Magic   | |  0.3

Action                   |  1- 3 |  4- 6 |  7- 9 | 10-12 | 13-15 | 16-18 || total
-------------------------+-------+-------+-------+-------+-------+-------++-------
Melee: Unarmed           |    21 |    28 |     2 |    21 |    34 |    13 ||   119
       Bite              |     1 |     4 |       |     1 |     2 |     3 ||    11
 Cast: Summon Small Mamm |    65 |    34 |    14 |    18 |    12 |       ||   143
       Call Imp          |     6 |    35 |    26 |    29 |    12 |       ||   108
       Call Canine Famil |     3 |    28 |    37 |    74 |    79 |     1 ||   222
       Summon Guardian G |       |       |    19 |    52 |    88 |     1 ||   160
       Summon Lightning  |       |       |       |   149 |   278 |     3 ||   430
       Mephitic Cloud    |       |       |       |     3 |    21 |     1 ||    25
       Ignite Poison     |       |       |       |     2 |     5 |       ||     7
       Summon Mana Viper |       |       |       |       |   265 |     3 ||   268
       Lightning Bolt    |       |       |       |       |    28 |     1 ||    29
Invok: Call Merchant     |       |       |       |     1 |     3 |       ||     4
       Potion Petition   |       |       |       |       |     4 |     1 ||     5
  Use: Scroll            |       |     4 |     5 |     7 |    10 |     2 ||    28
       Potion            |       |       |     8 |     4 |     3 |       ||    15
 Stab: Sleeping          |     4 |     2 |       |       |       |       ||     6
Armor: Skin              |     3 |     3 |     3 |     9 |    63 |     8 ||    89
Dodge: Dodged            |    35 |    37 |    20 |    67 |   266 |    24 ||   449

Table legend: (Time is in decaauts)
 A = Elapsed time spent in this place.
 B = Non-inter-level travel time spent in this place.
 C = Inter-level travel time spent in this place.
 D = Time resting spent in this place.
 E = Time spent auto-exploring this place.
 F = Levels seen in this place.
 G = Mean time per level.
                   A        B        C        D        E       F      G
               +--------+--------+--------+--------+--------+-----+--------+
         Total |  40604 |  37814 |   2790 |   4656 |  23818 |  29 | 1400.1 |
       Dungeon |  19626 |  18191 |   1435 |   2089 |  11788 |  14 | 1401.9 |
        Temple |    110 |    100 |     10 |      0 |     83 |   1 |  110.0 |
          Lair |  11838 |  11064 |    774 |    435 |   7894 |   6 | 1973.0 |
     Snake Pit |   2536 |   2426 |    110 |    551 |   1220 |   2 | 1268.0 |
   Spider Nest |   3677 |   3412 |    265 |   1322 |   1178 |   4 |  919.2 |
  Orcish Mines |   2814 |   2620 |    194 |    258 |   1654 |   2 | 1407.0 |
               +--------+--------+--------+--------+--------+-----+--------+

Top non-repeatable levels by time:
  Lair:6: 4311 daAuts
Spider:1: 2669 daAuts
 Snake:1: 2529 daAuts
  Lair:4: 2041 daAuts
     D:7: 1983 daAuts
     D:9: 1896 daAuts
  Lair:1: 1872 daAuts
    D:12: 1869 daAuts
     D:4: 1738 daAuts
    D:13: 1720 daAuts
     D:6: 1563 daAuts
     D:2: 1517 daAuts
    D:11: 1489 daAuts
   Orc:2: 1440 daAuts
   Orc:1: 1373 daAuts
